 Dungeon Crawl Stone Soup version 0.28-a0-925-gd5e1996cdb (webtiles) character file.

Game seed: 14506419796125072266

18 Froggeryz the Ruffian (level 2, -1/16 HPs)
             Began as a Gargoyle Transmuter on Nov 26, 2021.
             Slain by a gnoll (5 damage)
             ... on level 1 of the Dungeon.
             The game lasted 00:01:29 (1773 turns).

Froggeryz the Ruffian (Gargoyle Transmuter)         Turns: 1773, Time: 00:01:29

Health: -1/16      AC:  9    Str: 13    XL:     2   Next: 66%
Magic:  5/5        EV: 10    Int: 13    God:
Gold:   82         SH:  0    Dex: 10    Spells: 4/5 levels left

rFire   . . .      SeeInvis .     - Unarmed
rCold   . . .      Faith    .   (no shield)
rNeg    + . .      Spirit   .   g - +0 ring mail
rPois   ∞          Reflect  .   e - +0 helmet
rElec   +          Harm     .   (no cloak)
rCorr   .          Rampage  .   (no gloves)
Will    .....                   (no boots)
Stlth   ..........              (no amulet)
HPRegen 0.05/turn               (no ring)
MPRegen 0.09/turn               (no ring)

@: no status effects
A: sickness immunity, AC +2, negative energy resistance 1, electricity
resistance, torment resistance 1, petrification resistance
a: no special abilities


You were on level 1 of the Dungeon.
You visited 1 branch of the dungeon, and saw 2 of its levels.

You collected 82 gold pieces.

Inventory:

Armour
 e - a +0 helmet (worn)
 g - a +0 ring mail (worn)
Scrolls
 d - 2 scrolls of silence {unknown}
 f - a scroll of magic mapping {unknown}
Potions
 a - a potion of brilliance {unknown}
 b - a potion of curing {unknown}


   Skills:
 - Level 1.1 Fighting
 + Level 1.2 Armour
 - Level 1.5 Dodging
 * Level 3.6 Unarmed Combat
 - Level 2.0 Spellcasting
 - Level 1.5 Transmutations


You had 4 spell levels left.
You knew the following spells:

 Your Spells              Type           Power      Damage    Failure   Level
a - Beastly Appendage     Tmut           10%        N/A       28%         1

Your spell library contained the following spells:

 Spells                   Type           Power      Damage    Failure   Level
 Wereblood                Tmut           5%         N/A       41%         2
 Magic Dart               Conj           4%         1d3       47%         1
 Searing Ray              Conj           2%         2d4       63%         2
 Spider Form              Tmut/Pois      3%         N/A       75%         3
 Ice Form                 Ice/Tmut       3%         N/A       98%         4
 Fulminant Prism          Conj/Hex       0%         3d6       99%         4


Dungeon Overview and Level Annotations

Branches:
Dungeon (2/15)

Altars:


Innate Abilities, Weirdness & Mutations

You are immune to sickness and miasma.
Your stone body is resilient. (AC +2)
You are immune to poison.
You resist negative energy. (rN+)
You are resistant to electric shocks. (rElec)
You are resistant to unholy torment.
You are immune to petrification.


Message History

Ouch! That really hurt!
You barely miss the gnoll.
The gnoll is severely wounded.
There is a stone staircase leading up here.
You climb upwards.
There is a stone staircase leading down here.
There is a stone staircase leading down here.
You start resting.
HP restored.
You climb downwards.
There is a stone staircase leading up here.
A gnoll is nearby!
The gnoll hits you with a +0 club.
You hit the gnoll.
The gnoll is moderately wounded.
The gnoll closely misses you.
You barely miss the gnoll.
The gnoll is moderately wounded.
The gnoll barely misses you.
You closely miss the gnoll.
The gnoll is lightly wounded.
The gnoll hits you with a +0 club.
The gnoll shouts!
You hit the gnoll.
The gnoll is heavily wounded.
The gnoll barely misses you.
There is a stone staircase leading up here.
The gnoll hits you with a +0 club.
* * * LOW HITPOINT WARNING * * *
You climb upwards.
There is a stone staircase leading down here.
There is a stone staircase leading down here.
There is an open door here.
The gnoll closely misses you.
You enter the shallow water.
Moving in this stuff is going to be slow.
You hit the gnoll but do no damage.
The gnoll is heavily wounded.
The gnoll hits you with a +0 club.
You die...

#........###≈♣P≈≈≈≈≈≈≈≈≈≈≈≈..
####..........≈≈≈≈≈≈≈≈≈≈≈≈P♣♣..
##....#..####.#♣♣≈P≈≈≈≈≈≈≈≈≈♣P..
##.......## #.# ♣≈≈≈≈≈≈≈≈≈≈≈♣≈##
#..†###### #.# ♣≈≈≈≈≈≈≈≈≈≈≈♣≈#
..### #.#♣♣♣≈≈≈≈≈≈≈≈≈≈≈≈# .##
#.#♣≈≈≈≈≈≈≈≈≈≈≈≈♣♣# .#
#..#P♣≈≈≈≈≈≈≈P≈♣P≈# .#
#..@≈≈≈≈≈≈≈≈≈P≈♣P##
##############..#g≈≈≈♣≈≈≈≈≈P≈≈#
###...#...#.[....♣P≈PP≈≈≈≈≈≈≈≈#
##.........(##...#♣♣≈P≈P≈≈P≈≈P#
#...........#...##♣P≈≈P≈≈≈≈♣♣##
#.............#.###≈P≈≈≈≈≈≈♣..###
#.....##'###'##.....♣≈≈♣≈≈≈≈..##.
##....#...#...#.....≈PP≈≈♣≈...##.
###...#...#.>.#......♣♣≈♣≈....##.


You could see a gnoll.

Vanquished Creatures
  3 ball pythons
  2 endoplasms
  2 giant cockroaches (D:1)
  3 hobgoblins
  2 bats (D:2)
  3 rats
15 creatures vanquished.

Notes
Turn   | Place    | Note
-------+----------+-------------------------------------------
     0 | D:1      | Froggeryz the Gargoyle Transmuter began the quest for the
                  | Orb.
     0 | D:1      | Reached XP level 1. HP: 12/12 MP: 3/3
   349 | D:1      | Reached XP level 2. HP: 16/16 MP: 5/5
   711 | D:1      | Reached skill level 1 in Armour
  1773 | D:1      | Slain by a gnoll

Illustrated notes

Levels and vault maps discovered:
D:1:      minmay_arrival_up_and_down, layout_rooms, serial_bayou,
          serial_bayou_pond_e, serial_bayou_lake_a, serial_bayou_lagoon_a,
          serial_bayou_pond_b
D:2:      layout_rooms, minivault_25

Skill      XL: |  1  2 |
---------------+-------+-----
Armour         | 1 |  1.2
Fighting       | |  1.1
Dodging        | |  1.5
Unarmed Combat | |  3.6
Spellcasting   | |  2.0
Transmutations | |  1.5

Action                   || total
-------------------------++-------
Melee: Unarmed           ||   107
       Punch             ||     2
Armor: Leather armour    ||    45
       Ring mail         ||     2
Dodge: Dodged            ||    68

Table legend: (Time is in decaauts)
 A = Elapsed time spent in this place.
 B = Non-inter-level travel time spent in this place.
 C = Inter-level travel time spent in this place.
 D = Time resting spent in this place.
 E = Time spent auto-exploring this place.
 F = Levels seen in this place.
 G = Mean time per level.
                   A        B        C        D        E       F      G
               +--------+--------+--------+--------+--------+-----+--------+
         Total |   1808 |   1772 |     36 |    786 |    686 |   2 |  904.0 |
       Dungeon |   1808 |   1772 |     36 |    786 |    686 |   2 |  904.0 |
               +--------+--------+--------+--------+--------+-----+--------+

Top non-repeatable levels by time:
     D:1: 1433 daAuts
     D:2: 374 daAuts
